Pewter, chaotic male elven Priest ----- |.|.-- |....| |--<.| - |...-- --.. ------.|.| --...-- |...---..|...|.| - --.....| |..........--|.| GG G ..h@.f...-----..........| |.| -------.................| |^| --.....--..|......--|.| ---.......|...-....|.| |............|.|.|.| ....|..-----|.| ...----- |.| ....| |.| ...-- |.| ....| --.| -...| |..| |..-- |..| --- ---- Pewter the Acolyte Experience level: 3 Strength: 11 Dexterity: 12 Constitution: 15 Intelligence: 11 Wisdom: 20 Charisma: 8 Health: 0(30) Energy: 46(46) Def: 4 Gold: 150 Moves: 1880 Dungeon seed: al2od_KgkvqIxfll Game ID: Pewter_1615681623 Your Inventory: Coins $ - 150 gold pieces Weapons a - a blessed +1 mace (weapon in hand) L - 2 +0 darts Armor e - a +0 robe (being worn) n - a +0 small shield (being worn) y - a +0 orcish helm (being worn) Comestibles c - a clove of garlic d - a sprig of wolfsbane F - a lichen corpse H - a cram ration Scrolls k - a cursed scroll of enchant armor J - a blessed scroll of confuse monster Spellbooks f - a blessed spellbook of identify g - a blessed spellbook of healing Potions b - 4 potions of holy water Wands l - a wand of slow monster (0:8) u - a wand of digging (0:7) I - a wand of enlightenment (0:11) Tools G - a leather drum M - a blessed brass lantern (lit) (0:1135) Gems q - 3 worthless pieces of green glass z - a worthless piece of orange glass N - a worthless piece of red glass Y - a worthless piece of blue glass Spells and supernatural/magical abilities: Name Level Category Fail Memory h - healing 1 healing 0% 91% I - identify 3 divination 66% 91% W - pray for help -- divine ? -- X - turn undead -- divine ? -- Your skills at the end: Fighting Skills Weapon Skills mace [Basic] Spellcasting Skills clerical spells [Basic] Final Attributes: You were piously aligned. You had infravision. You are dead. Vanquished creatures: a rabid rat a dwarf zombie a wererat 7 giant rats a green mold a gnome a gnome zombie 2 geckos 2 jackals 3 goblins 7 sewer rats 4 grid bugs 2 bats 2 lichens 2 kobold zombies 3 newts 40 creatures vanquished. Voluntary challenges: You used a wielded weapon 23 times, starting on turn 128. You read items or engraved 1 time, starting on turn 602. You never genocided any monsters. You never polymorphed an object. You never changed form. You used no wishes. You never split a pudding. You never wrote Elbereth's name. You never violated your personal moral code. Dungeon overview: The Dungeons of Doom: levels 1 to 4 Level 1 a long staircase Level 2 a general store, an altar to Susanowo Level 3 a general store, a fountain Level 4 a jewelry store, an altar to Susanowo stairs to The Gnomish Mines The Gnomish Mines: Level 5 <- You were here stairs to The Dungeons of Doom History has recorded: On T:1 you entered the Dungeons of Doom to retrieve the Amulet of Yendor! On T:343 you reached level 2 of The Dungeons of Doom. On T:757 you advanced to experience level 2. On T:981 you reached level 3 of The Dungeons of Doom. On T:1076 you advanced to experience level 3. On T:1516 you reached level 4 of The Dungeons of Doom. On T:1759 you reached level 1 of The Gnomish Mines. Score breakdown: Gold: 150 ( 7412 points) Experience: 3 levels ( 7878 points) Exploration: 5 levels ( 10.87%) ( 8944 points) Discoveries: 12 items ( 4.20%) ( 6145 points) Valuables value: (no points given unless you survive) Artifact value: 0 ( 0 points) Variety of kills: 16 monsters ( 4.20%) ( 6147 points) Turncount: 1880 turns ( 0 points) Survival: died (score multiplied by 80%) Total score: 29220 Latest messages: M - a blessed brass lantern. Your lamp is now on. You displace your djinni. You displace Qwerty. You hear crashing rock. You displace your djinni. You stop running. You miss the dwarf. (2x) The dwarf wields a pick-axe! You miss the dwarf. The gnome lord wields a crossbow! The crossbow welds itself to the gnome lord's hand! You miss the dwarf. The dwarf swings his pick-axe. The dwarf hits! You miss the dwarf. (2x) The dwarf swings his pick-axe. The dwarf hits! You miss the dwarf. (2x) The dwarf swings his pick-axe. The dwarf just misses! You miss the dwarf. (2x) The dwarf swings his pick-axe. The dwarf hits! You die... Final status: Goodbye Pewter the Priest, killed by a dwarf... You died in The Gnomish Mines on dungeon level 5 with 29220 points, and 150 pieces of gold, after 1880 moves. You were level 3 with a maximum of 30 hit points when you died.